 Dungeon Crawl Stone Soup version 0.21-a0-286-g6fcecc0 (webtiles) character file.

994 qqqbard the Archer (level 7, -17/58 HPs)
             Began as a Centaur Hunter on Sept 27, 2017.
             Demolished by an orc warrior
             ... wielding a +0 dire flail
              (21 damage)
             ... on level 5 of the Dungeon.
             The game lasted 00:08:44 (5891 turns).

qqqbard the Archer (Centaur Hunter)                 Turns: 5891, Time: 00:08:45

Health: -17/58     AC:  7    Str: 15    XL:     7   Next: 99%
Magic:  7/7        EV:  8    Int: 10    God:
Gold:   285        SH:  0    Dex: 11    Spells: 6/6 levels left

rFire    x . .     SeeInvis .     - Unarmed
rCold    + . .     Gourm    .   (no shield)
rNeg     . . .     Faith    .   n - +1 scale mail
rPois    .         Spirit   .   (no helmet)
rElec    .         Reflect  .   (no cloak)
rCorr    .         Harm     +   (no gloves)
MR       .....                  (no barding)
Stlth    ..........             i - amulet of harm
HPRegen  0.19/turn              v - ring of ice
MPRegen  0.10/turn              w - ring of loudness (curse)

@: very quick
A: hooves 3, deformed body, speed 2, tough skin 3
a: no special abilities


You were on level 5 of the Dungeon.
You were not hungry.

You visited 1 branch of the dungeon, and saw 6 of its levels.

You collected 285 gold pieces.

Inventory:

Hand Weapons
 a - a +2 shortbow
Missiles
 b - 13 arrows
Armour
 c - a +0 leather armour
 n - a +1 scale mail (worn)
 F - a +0 plate armour
Jewellery
 i - an amulet of harm (around neck)
 v - a ring of ice (left hand)
 w - a cursed ring of loudness (right hand)
Wands
 u - a wand of flame (11/48)
 B - a wand of acid (6/15)
 E - a wand of digging (16/24)
Scrolls
 p - 2 scrolls of fog
 q - a scroll of amnesia {unknown}
 r - 7 scrolls of identify
 x - a scroll of recharging
 y - 5 scrolls of teleportation {unknown}
 C - a scroll of blinking {unknown}
Potions
 e - 4 potions of brilliance {unknown}
 g - 3 potions of agility {unknown}
 h - 2 potions of heal wounds {unknown}
 j - 3 potions of curing {unknown}
 k - 2 potions of haste
 l - 2 potions of ambrosia {unknown}
 s - 4 potions of magic {unknown}
 t - a potion of cancellation {unknown}
 z - 2 potions of mutation {unknown}
 A - 2 potions of flight {unknown}
Books
 D - a book of Changes

   Spells                             Type                      Level
   a - Beastly Appendage              Transmutation                1
   b - Sticks to Snakes               Transmutation                2
   c - Spider Form                    Transmutation/Poison         3
   d - Ice Form                       Ice/Transmutation            4
   e - Blade Hands                    Transmutation                5
Comestibles
 f - 3 bread rations
 m - 2 fruits
 o - 4 royal jellies


   Skills:
 + Level 3.8 Fighting
 * Level 8.1 Bows
 + Level 2.2 Armour
 + Level 2.6 Dodging
 + Level 2.2 Stealth
 * Level 4.1 Unarmed Combat


You had 6 spell levels left.
You didn't know any spells.

Dungeon Overview and Level Annotations

Branches:
Dungeon (6/15)
 Temple: D:4-7

Altars:
Xom


Innate Abilities, Weirdness & Mutations

You have hooves in place of feet.
Armour fits poorly on your strangely shaped body.
You cover ground very quickly.
You have extremely tough skin. (AC +3)


Message History

You are now empty-handed.
You closely miss the orc warrior. Your punch misses the orc warrior.
The orc warrior is almost dead.
The orc warrior hits you with a dire flail!
You hit the orc warrior but do no damage.
The orc warrior is almost dead.
The orc warrior hits you with a dire flail!
You are too injured to fight recklessly!
You are too injured to fight recklessly!
You closely miss the orc warrior.
The orc warrior is almost dead.
Your scale mail prevents you from hitting the orc warrior.
Your kick misses the orc warrior.
The orc warrior is almost dead.
The orc warrior hits you with a dire flail!
* * * LOW HITPOINT WARNING * * *
You closely miss the orc warrior.
The orc warrior is almost dead.
The orc warrior hits you with a dire flail!!
You die...

#..## ###...####.(..
##..# #...### ##...
#...# ##.### #...
########..# #...
#...## #... #.### #...
######.##### ####
#..........###########
#....@o(..(.(.........
#..........###########
#..........#
############


You could see an orc warrior.

Vanquished Creatures
  The ghost of chris0x the Vandal, an amateur TeHu (D:4)
  An orc warrior (D:5)
  An ogre (D:5)
  A scorpion (D:4)
  2 hounds
  4 orc wizards
  A centaur skeleton (D:4)
  An iguana (D:5)
  Terence (D:3)
  4 worker ants
  5 adders
  8 gnolls (D:2)
  2 oozes
  An adder skeleton (D:4)
  2 dart slugs
  4 leopard geckos
  11 orcs
  A ball python (D:4)
  6 bats
  2 giant cockroaches
  6 goblins
  7 hobgoblins
  18 jackals
  A quokka (D:3)
  5 frilled lizards
  7 kobolds
  A quokka skeleton (D:5)
  4 rats (D:3)
108 creatures vanquished.

Notes
Turn   | Place    | Note
-------+----------+-------------------------------------------
     0 | D:1      | qqqbard the Centaur Hunter began the quest for the Orb.
     0 | D:1      | Reached XP level 1. HP: 17/17 MP: 1/1
   409 | D:1      | Reached XP level 2. HP: 8/24 MP: 2/2
   423 | D:1      | Reached skill level 1 in Unarmed Combat
  1147 | D:2      | Reached XP level 3. HP: 29/29 MP: 3/3
  1244 | D:2      | Reached skill level 6 in Bows
  1244 | D:2      | Reached skill level 1 in Stealth
  1244 | D:2      | Reached XP level 4. HP: 15/36 MP: 4/4
  1808 | D:2      | Reached skill level 1 in Armour
  2344 | D:3      | Reached XP level 5. HP: 37/42 MP: 5/5
  2427 | D:3      | Noticed Terence
  2478 | D:3      | Killed Terence
  3278 | D:3      | You fall through a shaft for 3 floors!
  3278 | D:6      | Noticed an orc warrior
  3300 | D:5      | Entered Level 5 of the Dungeon
  3300 | D:5      | Noticed an ogre
  3310 | D:5      | Found a shimmering altar of Xom.
  3454 | D:4      | Noticed chris0x's ghost (amateur TeHu)
  3493 | D:4      | Killed chris0x's ghost
  3493 | D:4      | Reached XP level 6. HP: 38/51 MP: 6/6
  3555 | D:4      | Reached skill level 7 in Bows
  3873 | D:4      | Reached XP level 7. HP: 57/57 MP: 7/7
  5041 | D:5      | Reached skill level 8 in Bows
  5891 | D:5      | Demolished by an orc warrior

Vault maps used:
D:1:      minmay_arrival_plants_in_alcoves
D:2:      first_bread
D:3:      st_stairs_9, uniq_terence
D:5:      basic_altar
D:6:      lemuel_temple_firewalk_a

Skill      XL: |  1  2  3  4  5  6  7 |
---------------+----------------------+-----
Unarmed Combat | 1 2 3 4 |  4.1
Bows           | 6 7 8 |  8.1
Stealth        | 1 2 |  2.2
Armour         | 1 2 |  2.2
Fighting       | 3 |  3.8
Dodging        | 2 |  2.6

Action                   |  1- 3 |  4- 6 |  7- 9 || total
-------------------------+-------+-------+-------++-------
Melee: Unarmed           |    26 |    52 |    75 ||   153
       Kick              |     8 |    11 |    18 ||    37
       Punch             |       |       |     1 ||     1
 Fire: Shortbow          |    60 |   154 |    80 ||   294
  Use: Scroll            |     1 |     6 |       ||     7
  Eat: Chunk             |       |     7 |     1 ||     8
       Bread ration      |       |       |     1 ||     1
Armor: Leather armour    |    14 |       |       ||    14
       Scale mail        |     4 |    43 |    37 ||    84
Dodge: Dodged            |    25 |    43 |    27 ||    95

Table legend:
 A = Spawn XP
 B = Non-spawn XP
 C = Spawn XP percentage of total XP
 D = Spawn monster count
 E = Non-spawn monster count
 F = Spawn count percentage of total count
 G = Total turns spent on level
                    A         B        C        D         E        F      G
               +---------+---------+-------+---------+---------+-------+---------
         Total |       0 |    1420 |   0.0 |       0 |     108 |   0.0 |  5891
               +---------+---------+-------+---------+---------+-------+---------
           D:1 |       0 |      40 |   0.0 |       0 |      19 |   0.0 |  1146
           D:2 |       0 |     139 |   0.0 |       0 |      20 |   0.0 |  1130
           D:3 |       0 |     117 |   0.0 |       0 |      31 |   0.0 |  1165
           D:4 |       0 |     654 |   0.0 |       0 |      24 |   0.0 |   790
           D:5 |       0 |     337 |   0.0 |       0 |       6 |   0.0 |  1287
           D:6 |       0 |     133 |   0.0 |       0 |       8 |   0.0 |   373
               +---------+---------+-------+---------+---------+-------+---------
